 Dungeon Crawl Stone Soup version 0.23.2-33-g5129a83 (webtiles) character file.

Game seed: 14040785241771010096

25 OneTwoThree the Grave Robber (level 3, 0/16 HPs)
             Began as a Vine Stalker Necromancer on June 21, 2019.
             Succumbed to an adder's poison
             ... on level 2 of the Dungeon on June 28, 2019.
             The game lasted 00:32:19 (1617 turns).

OneTwoThree the Grave Robber (VSNe)                 Turns: 1617, Time: 00:32:20

Health: 0/16       AC:  2    Str: 11    XL:     3   Next: 4%
Magic:  1/7        EV: 12    Int: 15    God:
Gold:   50         SH:  0    Dex: 14    Spells: 4/6 levels left

rFire    . . .     SeeInvis .   f - +0 short sword
rCold    . . .     Gourm    .   (no shield)
rNeg     . . .     Faith    .   a - +0 robe
rPois    .         Spirit   +   (no helmet)
rElec    .         Reflect  .   (no cloak)
rCorr    .         Harm     .   (no gloves)
MR       .....                  (no boots)
Stlth    ++........             i - amulet of guardian spirit
HPRegen  0.05/turn              (no ring)
MPRegen  0.10/turn              (no ring)

@: lethally poisoned (0 -> -11)
A: fangs 2, magic shield, antimagic bite, no potion heal 3, rot immunity
a: no special abilities


You were on level 2 of the Dungeon.
You were not hungry.

You visited 1 branch of the dungeon, and saw 2 of its levels.

You collected 50 gold pieces.

Inventory:

Hand Weapons
 f - a +0 short sword (weapon)
 g - a +0 dagger
Missiles
 b - 20 arrows
Armour
 a - a +0 robe (worn)
Jewellery
 i - an amulet of guardian spirit (around neck)
 j - a cursed ring of teleportation {unknown}
Scrolls
 e - a scroll of amnesia
Comestibles
 c - 2 rations
 h - a chunk of flesh


   Skills:
 + Level 0.2 Short Blades
 + Level 1.7 Dodging
 + Level 2.8 Stealth
 + Level 2.2 Spellcasting
 + Level 4.5 Necromancy


You had 4 spell levels left.
You knew the following spells:

 Your Spells              Type           Power        Failure   Level  Hunger
a - Pain                  Necr           ###.         3%          1    #......
b - Animate Skeleton      Necr           N/A          3%          1    #......

Your spell library contained the following spells:

 Spells                   Type           Power        Failure   Level  Hunger
 Vampiric Draining        Necr           ###.......   10%         3    ###....
 Regeneration             Chrm/Necr      #.........   26%         3    ###....
 Animate Dead             Necr           N/A          32%         4    #####..


Dungeon Overview and Level Annotations

Branches:
Dungeon (2/15)

Altars:


Innate Abilities, Weirdness & Mutations

You have extremely sharp teeth.
When hurt, damage is shared between your health and your magic reserves.
Your bite disrupts and absorbs the magic of your enemies.
Potions cannot restore your health.
You are immune to rotting.


Message History

You feel sick. The adder closely misses you.
Found a fuming green potion.
You feel sick. The adder closely misses you.
* * * LOW HITPOINT WARNING * * *
You feel sick.
As you read the scroll labeled DEIPLUHIEC, it crumbles to dust.
You feel aware of your surroundings.
It was a scroll of magic mapping.
The adder barely misses you. x2
* * * LOW HITPOINT WARNING * * *
You feel sick. The adder misses you.
* * * LOW HITPOINT WARNING * * *
You feel sick. The adder bites you.
* * * LOW HITPOINT WARNING * * *
* * * LOW HITPOINT WARNING * * *
You feel sick. The adder bites you.
You are more poisoned.
The adder poisons you!
You die...

,.##.........# #.....##.........#
,.........##.###.........###.#.##
,.........##.........###)..#.#.#
,,##......##......########...#.#
,*#.#.....##.##........,,###[#.#
**.#.#..........r.#....,,* #...#*
,,#.*#....##..#.S##....,,**#.....
,,.*#.#......##..#*,...,,**..>...
,,,..#.#..#####.@#**###***,......
,.....##..# #..# *******,#.....
,.....,.#.# #..#**,,,,,,,,.....
,....,....#***#..#,,,,,,,,,,,,,,,
,,...,.....,,,....,*,<,,,,,,,,,,,
,***,##.###,*###.#*,,,,,,,,,,,,,,
,* *,,,,*,,,,* #.#*,,,,,,,,,,,,,,
** ****,*,,,,* #.#*,,,,,,,,,,,,,,
*,,,,,,***,**,,,,,,,,,,,,,,


You could see an adder and a rat.

Vanquished Creatures
  3 dart slugs
  A bat (D:1)
  A giant cockroach (D:1)
  2 goblins (D:1)
  2 hobgoblins (D:1)
  A ball python (D:1)
  2 frilled lizards (D:1)
  2 kobolds (D:1)
  6 rats
20 creatures vanquished.

Vanquished Creatures (others)
  A rat (D:1)
1 creature vanquished.

Grand Total: 21 creatures vanquished

Notes
Turn   | Place    | Note
-------+----------+-------------------------------------------
     0 | D:1      | OneTwoThree the Vine Stalker Necromancer began the quest
                  | for the Orb.
     0 | D:1      | Reached XP level 1. HP: 9/9 MP: 4/4
   270 | D:1      | Upgraded the game from 0.23.2-30-g0e89c35 to
                  | 0.23.2-33-g5129a83
   663 | D:1      | Reached XP level 2. HP: 9/13 MP: 6/6
  1273 | D:1      | Learned a level 1 spell: Animate Skeleton
  1596 | D:2      | Reached XP level 3. HP: 14/16 MP: 4/7
  1617 | D:2      | Succumbed to an adder's poison

Action                   || total
-------------------------++-------
Melee: Unarmed           ||    67
       Bite              ||    17
       Dagger            ||    21
       Short sword       ||    14
 Cast: Pain              ||     2
       Animate Skeleton  ||     1
  Use: Potion            ||     2
       Scroll            ||     2
 Stab: Sleeping          ||     2
  Eat: Ration            ||     1
       Chunk             ||     1
Armor: Robe              ||    18
Dodge: Dodged            ||    62
